 Dungeon Crawl Stone Soup version 0.29-a0-25-g7f48f510a0 (webtiles) character file.

Game seed: 12156866606075753056

20 HallandMoats the Skirmisher (level 2, 21/21 HPs)
             Began as an Octopode Fighter on Jan 31, 2022.
             Was a High Priest of Ignis.
             Got out of the dungeon alive.
             The game lasted 00:00:38 (1083 turns).

HallandMoats the Skirmisher (Octopode Fighter)      Turns: 1083, Time: 00:00:38

Health: 21/21      AC:  1    Str: 15    XL:     2   Next: 79%
Magic:  2/2        EV: 13    Int: 10    God:    Ignis [*****.]
Gold:   36         SH:  4    Dex: 11    Spells: 1/1 levels left

rFire   + . .      SeeInvis .   a - +0 trident
rCold   . . .      Faith    .   b - +0 buckler
rNeg    . . .      Spirit   .   (helmet restricted)
rPois   .          Reflect  .   (no amulet)
rElec   .          Harm     .   (no ring)
rCorr   .          Rampage  .   (no ring)
Will    .....                   (no ring)
Stlth   ++........              (no ring)
HPRegen 0.07/turn               (no ring)
MPRegen 0.08/turn               (no ring)
                                (no ring)
                                (no ring)

@: no status effects
A: almost no armour, amphibious, 8 rings, camouflage 1, gelatinous body 1,
(nimble swimmer 1), tentacles
a: Renounce Religion, Fiery Armour, Foxfire Swarm, Rising Flame


You escaped.
You worshipped Ignis.
Ignis was extremely pleased with you.
You visited 1 branch of the dungeon, and saw 1 of its levels.

You collected 36 gold pieces.

Inventory:

Hand Weapons
 a - a +0 trident (weapon)
Armour
 b - a +0 buckler (worn)
Scrolls
 d - a scroll of fog {unknown}
 e - a scroll of enchant armour {unknown}
Potions
 c - a potion of might


   Skills:
 * Level 3.3 Fighting
 * Level 2.5 Polearms
 + Level 3.0 Dodging
 + Level 3.1 Shields
 + Level 0.6 Invocations


You had one spell level left.
You didn't know any spells.
Your spell library was empty.

Dungeon Overview and Level Annotations

Branches:
Dungeon (1/15)

Altars:
Ignis


Innate Abilities, Weirdness & Mutations

You cannot wear most types of armour.
You are amphibious.
You can wear up to eight rings at the same time.
Your skin changes colour to match your surroundings (Stealth+).
Your rubbery body absorbs attacks. (AC +1, EV +1)
((You are camouflaged when in or above water. (Stealth+)))
You have tentacles for arms and can constrict up to eight enemies at once.


Message History

You closely miss the bat. Your grab misses the bat.
Your squeeze misses the bat.
The bat is moderately wounded.
The bat hits you but does no damage. The bat barely misses you.
A bat is nearby!
You hit the bat.
You kill the bat!
You open the door.
Found 14 stones.
No target in view!
There is an open door here.
You open the door.
Found a faded altar of an unknown god.
No target in view!
You see here 14 stones.
There is an open door here.
You see here a bat corpse.
Done exploring.
No target in view!
Done exploring.
No target in view!
You see here a bat corpse.
There is an open door here.
You see here 14 stones.
There is an open door here.
There is a faded altar of an unknown god here.
You cannot tell which god this altar belongs to.
Convert to them anyway?
Ignis accepts your prayer! Ignis welcomes you!
(D) Dungeon
Where to? (Enter - D:1 @ (x,y), ? - help)
What level of the Dungeon? (default 1, ? - help)
There is an open door here.
You see here 14 stones.
There is an open door here.
You see here a bat corpse.
There is an open door here.
There is a staircase leading out of the dungeon here.
Are you sure you want to leave the Dungeon?
This will make you lose the game!
You have escaped!

#####...##########...####..#
....'...#.#...#.###.##..#[.#
#####...#...#.#...#..#.##..#
#...#####.###.##.#..#..#
#....#....#....#.##.#..#
###....##.#..#......#..#
#..###..#..########.## ##
#.##...###.#...#..#.# .#
#.##.#....@....#.##.# .#
#.#..#...#.###...##.# .#
#.########..#..###..# .#
#.#......#..#.##....# .#
#.#.##.#....#....#..# .#
#.#..#.##.###.#####.# .#
#.##.#..#...#.#...#.# .#
#.#..##.###.#...#.#.#
.######.####...##########.#


There were no monsters in sight!

Vanquished Creatures
  A dart slug (D:1)
  An endoplasm (D:1)
  2 goblins (D:1)
  2 hobgoblins (D:1)
  A quokka (D:1)
  A bat (D:1)
  A kobold (D:1)
  11 rats (D:1)
20 creatures vanquished.

Notes
Turn   | Place    | Note
-------+----------+-------------------------------------------
     0 | D:1      | HallandMoats the Octopode Fighter began the quest for the
                  | Orb.
     0 | D:1      | Reached XP level 1. HP: 16/16 MP: 1/1
   294 | D:1      | Reached XP level 2. HP: 21/21 MP: 2/2
  1005 | D:1      | Found a faded altar of an unknown god.
  1040 | D:1      | Prayed at the altar of an unknown god.
  1040 | D:1      | Became a worshipper of Ignis, the Dying Flame
  1083 | D:$      | Got out of the dungeon alive.

Illustrated notes

Levels and vault maps discovered:
D:1:      psy_arrival_radial01, layout_basic,
          hellmonk_ecumenical_altar_inner_sanctum, minmay_rat_gold_closets

Action                   || total
-------------------------++-------
Melee: Trident           ||    35
       Constrict         ||     6
       Tentacles         ||     3
 Stab: Sleeping          ||    10
Armor: Skin              ||     1
Dodge: Dodged            ||     8
Block: Buckler           ||     1

Table legend: (Time is in decaauts)
 A = Elapsed time spent in this place.
 B = Non-inter-level travel time spent in this place.
 C = Inter-level travel time spent in this place.
 D = Time resting spent in this place.
 E = Time spent auto-exploring this place.
 F = Levels seen in this place.
 G = Mean time per level.
                   A        B        C        D        E       F      G
               +--------+--------+--------+--------+--------+-----+--------+
         Total |   1089 |   1031 |     58 |      0 |    926 |   1 | 1089.0 |
       Dungeon |   1089 |   1031 |     58 |      0 |    926 |   1 | 1089.0 |
               +--------+--------+--------+--------+--------+-----+--------+

Top non-repeatable levels by time:
     D:1: 1089 daAuts
